 Dungeon Crawl Stone Soup version 0.19-a0-291-ga637243 (webtiles) character file.

23 mistymad the Conjurer (level 2, -3/23 HPs)
             Began as a Draconian Conjurer on May 27, 2016.
             Splashed by Ijyb's acid (13 damage)
             ... on level 2 of the Dungeon.
             The game lasted 00:04:26 (856 turns).

mistymad the Conjurer (Draconian Conjurer)           Turns: 856, Time: 00:04:26

Health: -3/23      AC:  4    Str: 10    XL:     2   Next: 72%
Magic:  5/5        EV: 12    Int: 15    God:
Gold:   65         SH:  0    Dex: 11    Spells: 2 memorised, 2 levels left

rFire  . . .     SeeInvis .     c - +0 dagger
rCold  . . .     Gourm    .     (armour unavailable)
rNeg   . . .     Faith    .     (no shield)
rPois  .         Spirit   .     (helmet restricted)
rElec  .         Dismiss  .     (no cloak)
rCorr  .         Reflect  .     (no gloves)
SustAt .         Harm     .     (no boots)
MR     .....                    (no amulet)
Stlth  ++........               (no ring)
                                (no ring)

@: not resistant to hostile enchantments, unstealthy
A: unfitting armour, cold-blooded, AC +4
a: no special abilities


You were on level 2 of the Dungeon.
You were not hungry.

You visited 1 branch of the dungeon, and saw 2 of its levels.

You collected 65 gold pieces.

Inventory:

Hand Weapons
 c - a +0 dagger (weapon)
Scrolls
 d - 6 scrolls of identify {unknown}
 h - a scroll of remove curse {unknown}
Potions
 e - a potion of agility {unknown}
 f - a potion of curing {unknown}
 g - a potion of cure mutation {unknown}
Books
 a - a book of Conjurations

   Spells                             Type                      Level
   a - Magic Dart                     Conjuration                  1
   b - Searing Ray                    Conjuration                  2
   c - Dazzling Spray                 Conjuration/Hexes            3
   d - Fulminant Prism                Conjuration/Hexes            4
   e - Iskenderun's Mystic Blast      Conjuration                  4
   f - Iskenderun's Battlesphere      Conjuration/Charms           5
Comestibles
 b - a bread ration


   Skills:
 + Level 1.3 Fighting
 + Level 2.2 Dodging
 - Level 1.7 Stealth
 + Level 2.2 Spellcasting
 + Level 4.1 Conjurations


You had 2 spell levels left.
You knew the following spells:

 Your Spells              Type           Power        Failure   Level  Hunger
a - Magic Dart            Conj           ##..         4%          1    #......
b - Searing Ray           Conj           ##....       8%          2    ###....


Dungeon Overview and Level Annotations

Branches:
Dungeon (2/15)

Altars:

Annotations:
D:2 1 exclusion, Ijyb, Sigmund


Innate Abilities, Weirdness & Mutations

Your plain brown scales are hard (AC +4).
Your body does not fit into most forms of armour.
You are cold-blooded and may be slowed by cold attacks.


Message History

MP restored: 5 You see here a rat corpse.
Press: ? - help, v - describe, . - travel, g - get item A rat corpse.
The floor, spattered with blood.
Press: ? - help, . - travel You can't see that place. [the floor.]
Found 21 arrows.
A bat and Ijyb come into view.
Ijyb shouts!
A kobold comes into view. It is wielding a dagger.
The kobold shouts!
Ijyb screams, "I no like you!"
Ijyb zaps a wand.
The bolt of acid misses you.
It is a wand of acid.
Ijyb zaps a wand.
The bolt of acid hits you!
Ouch! That really hurt!
The acid burns!
Ouch! That really hurt!
You die...

... ....#.###### ###
#........##.@......# #####
#.....##.##........# #...#
#.....#...#........# #...#
#.....#...#...K..... #...#
#.....#...#...g....# #...#
#.#.#.#...#........#
#†..###.#.#.#...#........#
......#.#.#.#...@........#
#...#.#.#.#.#.#.......(..#
#...#...#.#.#..##b........
....##..#.#.#.. ..........
.#####..#.#.#####.########
............... ...
.######...#.... #.. ##
#...# #. #..# ..........#


You could see Ijyb, Jessica (wandering), a bat and a kobold.

Vanquished Creatures
  An adder (D:2)
  An ooze (D:1)
  4 jackals (D:1)
  2 kobolds
  2 rats
10 creatures vanquished.

Notes
Turn   | Place    | Note
--------------------------------------------------------------
     0 | D:1      | mistymad the Draconian Conjurer began the quest for the Orb.
     0 | D:1      | Reached XP level 1. HP: 14/14 MP: 3/3
   409 | D:1      | Reached XP level 2. HP: 22/22 MP: 0/5
   712 | D:2      | Reached skill level 1 in Fighting
   780 | D:2      | Learned a level 2 spell: Searing Ray
   817 | D:2      | Noticed Sigmund
   852 | D:2      | Noticed Ijyb
   856 | D:2      | Splashed by Ijyb's acid

Vault maps used:
D:1:      lightli_iron_boxes
D:2:      okawaru_metal_pillars_3, uniq_sigmund, uniq_jessica, uniq_iyjb

Skill      XL: |  1  2 |
---------------+-------+-----
Dodging        | 2 |  2.2
Fighting       | 1 |  1.3
Stealth        | |  1.7
Spellcasting   | |  2.2
Conjurations   | |  4.1

Action                   || total
-------------------------++-------
Melee: Dagger            ||    13
       Tailslap          ||     3
 Cast: Magic Dart        ||    19
Armor: Skin              ||     8
Dodge: Dodged            ||    13
